 Dungeon Crawl Stone Soup version 0.25-a0-41-g6cf4ce537d (webtiles) character file.

Game seed: 7280228381711706689, levelgen mode: deterministic

87 Alarkh the Slasher (level 4, 35/35 HPs)
             Began as a Demonspawn Fighter on Oct 21, 2019.
             Got out of the dungeon alive.
             The game lasted 00:00:35 (931 turns).

Alarkh the Slasher (Demonspawn Fighter)              Turns: 931, Time: 00:00:36

Health: 35/35      AC: 10    Str: 16 (17) XL:     4   Next: 28%
Magic:  4/4        EV:  6    Int:  9 (10) God:
Gold:   55         SH:  8    Dex: 10 (12) Spells: 3/3 levels left

rFire    . . .     SeeInvis .   a - +0 long sword
rCold    . . .     Gourm    .   c - +0 shield
rNeg     . . .     Faith    .   b - +0 scale mail
rPois    .         Spirit   .   (no helmet)
rElec    .         Reflect  .   (no cloak)
rCorr    .         Harm     .   (no gloves)
MR       .....                  (no boots)
Stlth    ..........             (no amulet)
HPRegen  0.11/turn              k - +4 ring of protection
MPRegen  0.09/turn              (no ring)

@: no status effects
A: claws 1, spiny 1
a: no special abilities


You escaped.
You were not hungry.

You visited 1 branch of the dungeon, and saw 2 of its levels.

You collected 55 gold pieces.

Inventory:

Hand Weapons
 a - a +0 long sword (weapon)
Armour
 b - a +0 scale mail (worn)
 c - a +0 shield (worn)
Jewellery
 k - a +4 ring of protection (left claw)
Scrolls
 g - a scroll of amnesia {unknown}
 i - a scroll of remove curse {unknown}
 l - a scroll of enchant armour {unknown}
Potions
 d - a potion of might
Comestibles
 f - 2 rations


   Skills:
 - Level 3.0 Fighting
 + Level 4.2 Long Blades
 - Level 2.6 Armour
 - Level 2.6 Shields


You had 3 spell levels left.
You didn't know any spells.
Your spell library was empty.

Dungeon Overview and Level Annotations

Branches:
Dungeon (2/15)

Altars:
Gozag


Innate Abilities, Weirdness & Mutations

You have sharp fingernails.
You are partially covered in sharp spines.


Message History

No target in view!
No target in view!
No target in view!
No target in view!
No target in view!
No target in view!
No target in view!
No target in view!
No target in view!
You see here a pair of boots.
There is a stone staircase leading up here.
You climb upwards.
There is a stone staircase leading down here.
Unknown command.
HP restored.
You see here 17 stones.
All of the chunks of flesh in your inventory have rotted away.
There is a staircase leading out of the dungeon here.
Are you sure you want to leave the Dungeon?
This will make you lose the game!
You have escaped!

....(.)..# #### ### #.#
...>.....# ######## #.##
........## ####......#### #...
........# ##............## ####
........###....####......# ######
........##....#######....###.....
#......###...##.....##....#######
#......###..###.##..###....# ##.
#.......##..###.@##..##....# #.#
##......###..#####...##....# ##.
#.......##...###...###....# ##
##......###........##....## #
#.).....####....###.....#
##........########.....##
##.......).####......## ##
##.................##
.#######.............###


There were no monsters in sight!

Vanquished Creatures
  Natasha (D:2)
  A worker ant (D:2)
  An adder (D:2)
  An ooze (D:2)
  A worm (D:2)
  A leopard gecko (D:1)
  A bat (D:1)
  3 giant cockroaches
  3 goblins
  2 hobgoblins (D:1)
  3 kobolds
  A quokka (D:2)
  A ball python (D:1)
  2 frilled lizards
  A rat (D:1)
23 creatures vanquished.

Notes
Turn   | Place    | Note
-------+----------+-------------------------------------------
     0 | D:1      | Alarkh the Demonspawn Fighter began the quest for the Orb.
     0 | D:1      | Reached XP level 1. HP: 18/18 MP: 1/1
   164 | D:1      | Reached skill level 2 in Long Blades
   277 | D:1      | Gained mutation: You are partially covered in sharp spines.
                  | [demonic ancestry]
   277 | D:1      | Reached XP level 2. HP: 21/24 MP: 2/2
   682 | D:2      | Reached skill level 3 in Long Blades
   682 | D:2      | Reached XP level 3. HP: 25/29 MP: 3/3
   691 | D:2      | Found an opulent altar of Gozag.
   761 | D:2      | Noticed Natasha
   767 | D:2      | Killed Natasha
   767 | D:2      | Reached skill level 4 in Long Blades
   767 | D:2      | Gained mutation: You have sharp fingernails. [demonic
                  | ancestry]
   767 | D:2      | Reached XP level 4. HP: 34/35 MP: 4/4
   931 | D:$      | Got out of the dungeon alive.

Levels and vault maps discovered:
D:1:      dpeg_arrival_snail, layout_loops_ring
D:2:      layout_loops_cross, nicolae_gozag_seed_capital, first_ration,
          nemelex_diamond_rough_becter, uniq_natasha

Skill      XL: |  1  2  3 |
---------------+----------+-----
Long Blades    | 2 3 4 |  4.2
Fighting       | |  3.0
Armour         | |  2.6
Shields        | |  2.6

Action                   |  1- 3 |  4- 6 || total
-------------------------+-------+-------++-------
Melee: Long sword        |    46 |    13 ||    59
  Use: Potion            |     2 |       ||     2
Armor: Scale mail        |    29 |     7 ||    36
Dodge: Dodged            |    11 |     2 ||    13
Block: Shield            |    24 |     2 ||    26
       Rpst.: Long sword |     4 |       ||     4

Table legend:
 A = Non-vault XP
 B = Vault XP
 C = Vault XP percentage of total XP
 D = Non-vault monster count
 E = Vault monster count
 F = Vault count percentage of total count
                 A         B        C        D         E       F
            +---------+---------+-------+---------+---------+-------
      Total |      90 |      35 |  28.0 |      22 |       1 |   4.3
            +---------+---------+-------+---------+---------+-------
        D:1 |      19 |       0 |   0.0 |      11 |       0 |   0.0
        D:2 |      71 |      35 |  33.0 |      11 |       1 |   8.3
            +---------+---------+-------+---------+---------+-------
